 Dungeon Crawl Stone Soup version 0.27.1-34-g3ba077fa99 (webtiles) character file.

Game seed: 16541467016269264713

79 cbfl8 the Covered (level 4, -3/40 HPs)
             Began as a Minotaur Fighter on Jan 25, 2022.
             Succumbed to a kobold's poison
             ... on level 2 of the Dungeon.
             The game lasted 00:02:17 (1284 turns).

cbfl8 the Covered (Minotaur Fighter)                Turns: 1284, Time: 00:02:17

Health: -3/40      AC: 15    Str: 21    XL:     4   Next: 16%
Magic:  3/3        EV:  7    Int:  5    God:
Gold:   77         SH:  9    Dex: 10    Spells: 3/3 levels left

rFire    . . .     SeeInvis +   m - +0 dagger (protect)
rCold    . . .     Faith    .   c - +0 kite shield
rNeg     . . .     Spirit   .   b - +0 scale mail
rPois    .         Reflect  .   (helmet restricted)
rElec    .         Harm     .   (no cloak)
rCorr    .         Rampage  .   k - +0 pair of gloves
Will     .....                  (no boots)
Stlth    ..........             (no amulet)
HPRegen  0.13/turn              n - ring of see invisible
MPRegen  0.08/turn              (no ring)

@: lethally poisoned (-3 -> -24), under a protective aura
A: horns 2, retaliatory headbutt
a: no special abilities


You were on level 2 of the Dungeon.
You visited 1 branch of the dungeon, and saw 2 of its levels.

You collected 77 gold pieces.

Inventory:

Hand Weapons
 a - a +0 war axe
 m - a +0 dagger of protection (weapon)
Armour
 b - a +0 scale mail (worn)
 c - a +0 kite shield (worn)
 k - a +0 pair of gloves (worn)
Jewellery
 n - a ring of see invisible (left hand)
Scrolls
 e - a scroll of fear {unknown}
 f - 3 scrolls of identify {unknown}
 g - 2 scrolls of noise {unknown}
 i - a scroll of blinking {unknown}
 l - a scroll of summoning {unknown}
Potions
 d - a potion of might
 h - 3 potions of resistance {unknown}
 j - a potion of magic {unknown}


   Skills:
 + Level 4.1 Fighting
 + Level 3.8 Axes
 + Level 4.5 Armour
 + Level 4.0 Shields


You had 3 spell levels left.
You didn't know any spells.
Your spell library was empty.

Dungeon Overview and Level Annotations

Branches:
Dungeon (2/15)

Altars:

Shops:
D:1 (   D:2 ([


Innate Abilities, Weirdness & Mutations

You have a pair of horns on your head.
You reflexively headbutt those who attack you in melee.


Message History

You hit the hobgoblin.
The hobgoblin is severely wounded.
You feel sick. The ball python barely misses you. You furiously retaliate!
You headbutt the ball python, but do no damage.
The ball python constricts you. You block the hobgoblin's attack.
The endoplasm freezes you.
You are frozen.
The kobold hits you but does no damage.
You are more poisoned.
The ball python bites you but does no damage.
The ball python constricts you.
You hit the hobgoblin but do no damage.
The hobgoblin is severely wounded.
You feel very sick. You block the hobgoblin's attack.
The endoplasm hits you but does no damage.
The kobold hits you but does no damage.
You are lethally poisoned!
The ball python bites you but does no damage.
The ball python constricts you.
You barely miss the hobgoblin. You headbutt the hobgoblin.
You kill the hobgoblin!
* * * LOW HITPOINT WARNING * * *
You feel very sick.
The endoplasm hits you but does no damage.
The ball python bites you but does no damage.
The ball python constricts you. The kobold hits you but does no damage.
You are more poisoned.
You block the endoplasm's attack.
You escape the ball python's grasp.
* * * LOW HITPOINT WARNING * * *
You feel very sick. The kobold hits you but does no damage.
The ball python bites you but does no damage.
The ball python closely misses you.
The endoplasm hits you but does no damage.
Things that are here:
16 stones; a hobgoblin corpse You hit the kobold.
You kill the kobold!
You die...

#......# #.#.#
#.#
#.###......#...
#.# #.
#.##.####### #.#
♣. #..#.## ##
##.#..# .. ♣..
♣♣♣.##.# #####.#
.P♣ .
♣.##.###......
♣.$♣.
♣.....#J..##.#
♣♣ ....
♣....∩..@....#
.P♣.P♣
♣....##S)K##.# ♣
...♣♣#.∩#.###.##
♣P ♣P ♣.♣.#..#.#
#.# ...♣.P
♣........# #.#
♣P...P♣
#...#..### #.#
♣P....P♣
#.#.#..# #.#
♣.P... #...#..#
#.# ♣♣♣.♣.
##.##..# ♣ ♣♣


You could see an endoplasm, a ball python and a kobold.

Vanquished Creatures
  Robin (D:2)
  3 adders (D:2)
  An adder skeleton (D:2)
  A dart slug (D:1)
  2 ball pythons
  An endoplasm (D:1)
  2 giant cockroaches
  10 goblins (D:2)
  4 hobgoblins (D:2)
  3 kobolds
  4 bats
  2 frilled lizards
  3 rats
37 creatures vanquished.

Notes
Turn   | Place    | Note
-------+----------+-------------------------------------------
     0 | D:1      | cbfl8 the Minotaur Fighter began the quest for the Orb.
     0 | D:1      | Reached XP level 1. HP: 19/19 MP: 0/0
    46 | D:1      | Found Lymeimugg's Antique Weapon Shoppe.
   204 | D:1      | Found a faded altar of an unknown god.
   477 | D:1      | Reached XP level 2. HP: 24/27 MP: 1/1
   979 | D:2      | Reached XP level 3. HP: 31/33 MP: 2/2
  1098 | D:2      | Noticed Robin
  1108 | D:2      | Killed Robin
  1221 | D:2      | Reached XP level 4. HP: 40/40 MP: 3/3
  1246 | D:2      | Found Tisuwog's Antique Weapon Shoppe.
  1252 | D:2      | Found Wuixot's Armour Boutique.
  1283 | D:2      | HP: 2/40 [poisoned by a kobold]
  1284 | D:2      | Succumbed to a kobold's poison

Illustrated notes

Levels and vault maps discovered:
D:1:      lightli_arrival_chessboard, layout_loops_ring,
          shapermc_ecumenical_altar_starsandcircs, serial_shops, shop,
          minmay_door_square, moated_statue, ebering_dispersal_statue_hall,
          chequers_serial_rivers_marsh, minmay_misc_feat_roman, hex_medium,
          minmay_misc_feat_four_crosses
D:2:      layout_loops_ring, serial_shops, nicolae_square_shop, shop, shop,
          nicolae_lakefront_shop, serial_forest, infiniplex_forest_end_3,
          infiniplex_forest_lined_corner, infiniplex_forest_3_way,
          infiniplex_forest_lined_2, infiniplex_forest_clump_long,
          infiniplex_forest_clump_medium, infiniplex_forest_straight_4,
          st_stairs_13, uniq_sigmund, uniq_robin

Skill      XL: |  1  2  3 |
---------------+----------+-----
Armour         | 4 |  4.5
Fighting       | 4 |  4.1
Axes           | 3 |  3.8
Shields        | 4 |  4.0

Action                   |  1- 3 |  4- 6 || total
-------------------------+-------+-------++-------
Melee: War axe           |    51 |       ||    51
       Headbutt          |    11 |     2 ||    13
       Dagger            |     6 |    17 ||    23
Armor: Scale mail        |    45 |    30 ||    75
Dodge: Dodged            |    22 |    11 ||    33
Block: Kite shield       |    34 |    24 ||    58
